[Event "Early-Titled-Tuesday-Blitz-March-12-2024"]
[Site "Chess.com"]
[Date "2024.03.12"]
[Round "3"]
[White "Hamisandwich"]
[Black "maciek_92"]
[Result "0-1"]
[WhiteElo "2710"]
[BlackElo "2896"]
[TimeControl "180+1"]
[EndTime "8:28:26 PDT"]
[Termination "maciek_92 won by resignation"]

1. a3 e5 2. c4 f5 3. d4 exd4 4. Qxd4 Nf6 5. Nc3 Nc6 6. Qd1 a5 7. Nf3 Bc5 8. Na4 Be7 9. c5 O-O 10. e3 d5 11. cxd6 Bxd6 12. Bc4+ Kh8 13. b3 f4 14. exf4 Bg4 15. O-O Nh5 16. g3 Qf6 17.
Bb2 Qh6 18. Re1 Nxf4 19. gxf4 Rxf4 20. Bd5 Raf8 21. Re3 Rxf3 22. Bxf3 Qxh2+ 23. Kf1 Bxf3 24. Qxf3 Rxf3 25. Rxf3 Qh5 26. Re3 h6 27. Rae1 Kh7 28. Bc3 b5 29. Nb2 b4 30. axb4 axb4 31. Bd2 Nd4 32. Rg3 Bxg3 33. fxg3 Qh1+ 34. Kf2 Qf3+ 35. Kg1 Qxg3+ 36. Kf1 Qf3+ 37. Kg1 Qg4+ 38. Kf2 Qf3+ 39. Kg1 Nxb3 40. Be3 Qg3+ 41. Kf1 c5 42. Bf2 Qh3+ 43.
Kg1 Nd2 44. Re3 Nf3+ 45. Rxf3 Qxf3 0-1

[Event "Early-Titled-Tuesday-Blitz-March-12-2024"]
[Site "Chess.com"]
[Date "2024.03.12"]
[Round "3"]
[White "shirovin"]
[Black "Misterfox120"]
[Result "1-0"]
[WhiteElo "2082"]
[BlackElo "2403"]
[TimeControl "180+1"]
[EndTime "8:28:27 PDT"]
[Termination "shirovin won on time"]

1. e4 c6 2. d4 d5 3. exd5 cxd5 4. Bd3 Nc6 5. c3 Nf6 6. Bf4 Bg4 7. Qb3 Qd7 8. Nd2 e6 9. Ngf3 Bd6 10. Bxd6 Qxd6 11. O-O O-O 12. Rfe1 Ne7 13. Ne5 Bf5 14. Bxf5 Nxf5 15.
Rab1 Rab8 16. Ndf3 b5 17. a3 a5 18. Qd1 b4 19. axb4 axb4 20. g4 Ne7 21. h3 bxc3 22. bxc3 Ne4 23. Qd3 Rfc8 24. c4 Rxb1 25. Qxb1 f6 26.
c5 Qc7 27. Nd3 Nc6 28. Qb6 Qxb6 29. cxb6 Rb8 30. Rb1 Nc3 31. Rb2 Na4 32. Rb3 Rxb6 33. Ra3 Rb1+ 34. Kg2 Nb2 35. Rb3 Nxd3 36. Rxb1 Nf4+ 37.
Kg3 Ne2+ 38. Kh2 Nexd4 39. Nxd4 Nxd4 40. Rb7 h6 41. Rb8+ Kh7 42. Rb7 Kg6 43. h4 1-0

[Event "Early-Titled-Tuesday-Blitz-March-12-2024"]
[Site "Chess.com"]
[Date "2024.03.12"]
[Round "3"]
[White "vasblesk"]
[Black "TigrVShlyape"]
[Result "1/2-1/2"]
[WhiteElo "2729"]
[BlackElo "2916"]
[TimeControl "180+1"]
[EndTime "8:28:29 PDT"]
[Termination "Game drawn - insufficient material"]

1. d4 f5 2. g3 Nf6 3. c4 g6 4. Bg2 Bg7 5. Nf3 d6 6. O-O O-O 7. Nc3 c6 8. d5 e5 9. dxe6 Bxe6 10. Qd3 Na6 11. Bf4 d5 12. cxd5 Nxd5 13. Be5 Nf6 14.
Qc2 Qe7 15. Rfd1 Rfd8 16. Rxd8+ Rxd8 17. Rd1 Rxd1+ 18. Qxd1 Qd7 19. Qc2 Nc5 20. h3 a5 21.
Kh2 h6 22. Nd4 Bf7 23. f4 Qe7 24. Nf3 Ncd7 25. Bd4 Nd5 26. Nxd5 Bxd5 27. Bxg7 Kxg7 28. b3 Qe3 29. Qb2+ Nf6 30. Qe5 Qxe5 31. Nxe5 Bxg2 32. Kxg2 Ne4 33. g4 Kf6 34. Kf3 Nc3 35. a4 Ne4 36.
Nc4 b5 37. Nxa5 bxa4 38. bxa4 Nc5 39. Nxc6 Nxa4 40. e4 fxe4+ 41. Kxe4 Nc5+ 42. Ke3 Ne6 43. Nd4 Nc5 44. Nf3 Ne6 45. Nd2 Nc7 46. Ne4+ Ke6 47. Ng3 Kf6 48. Kd4 Ne6+ 49. Ke4 Nc5+ 50. Kd5 Nd3 51. Ke4 Nf2+ 52. Kf3 Nxh3 53. Ne2 h5 54. gxh5 gxh5 55. Kg3 Nxf4 56. Kxf4 h4 57. Kg4 h3 58. Kxh3 1/2-1/2

[Event "Early-Titled-Tuesday-Blitz-March-12-2024"]
[Site "Chess.com"]
[Date "2024.03.12"]
[Round "3"]
[White "DonkyDonkyDonkey"]
[Black "Matibar"]
[Result "0-1"]
[WhiteElo "2884"]
[BlackElo "2755"]
[TimeControl "180+1"]
[EndTime "8:28:29 PDT"]
[Termination "Matibar won by resignation"]

1. d4 Nf6 2. Nc3 e6 3. e4 d5 4. Bg5 dxe4 5. Nxe4 Be7 6. Bxf6 gxf6 7. Nf3 f5 8. Nc3 a6 9. g3 b5 10. Bg2 Bb7 11.
O-O c5 12. d5 b4 13. Na4 Bxd5 14. Qe2 Nd7 15. Rfd1 O-O 16. c4 Bc6 17. Ne5 Bxa4 18. Nxd7 Bxd1 19. Rxd1 Ra7 20. Nxf8 Qxf8 21. Qe5 Qc8 22. g4 fxg4 23. Qe4 f5 24. Qe5 Kf7 25. h3 gxh3 26. Bxh3 Rd7 27. Re1 Qg8+ 28. Kh1 Qg6 29. Rg1 Qh6 30. Qg3 Rd8 31. Qg2 Bd6 32. Qb7+ Kf6 33.
Qg2 Rg8 34. Qf3 Rxg1+ 35. Kxg1 Qf4 36. Qh5 Qg5+ 37. Qxg5+ Kxg5 38. b3 a5 39. Bg2 Kf4 40. Bc6 h5 41. Kg2 h4 42. Kh3 Be7 43. Bd7 e5 44. Bc8 e4 45. Kg2 Ke5 46. Kf1 f4 47. Ke2 f3+ 48. Kf1 Kf4 49. Bh3 Bf6 50. Kg1 Bd4 51. Kf1 Be5 52. Kg1 Bd4 53. Kf1 e3 54. fxe3+ Kxe3 55. Bg4 f2 56. Bh3 Kd2 57. Bd7 Kc1 58.
Kg2 Kb2 59. Ba4 Kxa2 0-1

[Event "Early-Titled-Tuesday-Blitz-March-12-2024"]
[Site "Chess.com"]
[Date "2024.03.12"]
[Round "3"]
[White "Peng_Li-Min"]
[Black "Shuvalov"]
[Result "1-0"]
[WhiteElo "2806"]
[BlackElo "2520"]
[TimeControl "180+1"]
[EndTime "8:28:30 PDT"]
[Termination "Peng_Li-Min won by checkmate"]

1. e4 e6 2. d4 d5 3. Nc3 Bb4 4.
Ne2 Nc6 5. a3 Ba5 6. b4 Bb6 7. Bb2 Nge7 8. g3 e5 9. dxe5 Nxe5 10.
Bg2 Bxf2+ 11. Kxf2 Ng4+ 12. Kg1 Ne3 13. Qd3 Nc4 14.
Bc1 c6 15. h3 O-O 16. exd5 cxd5 17. Nxd5 Ne5 18. Nxe7+ Qxe7 19. Qe4 Qf6 20. Bf4 Nf3+ 21.
Kf2 Ng5 22. Qe5 Qb6+ 23. Qd4 Qg6 24. Bxg5 Qxg5 25. Qf4 Qg6 26. Nd4 a5 27. Rae1 axb4 28. axb4 Ra2 29. Re2 b6 30. Rhe1 Ba6 31. Rd2 h6 32. c3 Ra3 33. Be4 Qh5 34. Qg4 Qxg4 35. hxg4 Rxc3 36. Bd5 Bc4 37. Ne2 Bxe2 38. Rexe2 Kh7 39.
Re7 f6 40. Be4+ Kg8 41. Rdd7 Rfc8 42. Rxg7+ Kf8 43. Rdf7+ Ke8 44. Bg6 Rc2+ 45. Bxc2 Rxc2+ 46. Ke3 Rc3+ 47. Kf4 Rc4+ 48. Kf5 Rxb4 49. Rb7 Kf8 50.
Rgf7+ Kg8 51. Rfc7 Rb5+ 52. Kxf6 Rc5 53. Rb8# 1-0

[Event "Early-Titled-Tuesday-Blitz-March-12-2024"]
[Site "Chess.com"]
[Date "2024.03.12"]
[Round "3"]
[White "Korchmar_Vasiliy"]
[Black "theoneandonlydaaevik"]
[Result "1-0"]
[WhiteElo "2724"]
[BlackElo "2504"]
[TimeControl "180+1"]
[EndTime "8:28:33 PDT"]
[Termination "Korchmar_Vasiliy won by resignation"]

1. e4 c5 2. d4 cxd4 3. Qxd4 Nc6 4. Qd3 Nf6 5. Nc3 d6 6. Nf3 Bg4 7. Be2 e6 8. Bf4 Be7 9. O-O-O Qb6 10. h3 Bxf3 11. gxf3 Nb4 12. Qb5+ Nd7 13. Bxd6 Bxd6 14. Rxd6 Qxd6 15. Rd1 Qe7 16. Qxb7 Rb8 17. Qxa7 O-O 18.
Qxd7 Qg5+ 19. Qd2 Qf6 20. Qd4 Qf4+ 21. Qe3 Qe5 22. Qd4 Qf4+ 23. Kb1 h6 24. a3 Nc6 25. Qd6 Ne5 26. Qd2 Ng6 27. Qxf4 Nxf4 28. Bf1 Rfd8 29. Rxd8+ Rxd8 30. b4 Kf8 31. Kb2 Ke7 32. a4 Rd2 33. a5 Kd8 34. b5 Rxf2 35. Bc4 Rd2 36. b6 Rd4 37. Kb3 e5 38. a6 Kc8 39. Nb5 Rd1 40. a7 Kb7 41. Nc7 Rb1+ 42. Ka2 Rxb6 43. a8=Q+ Kxc7 44. Qa7+ Rb7 45. Qc5+ Kd8 46. Qf8+ Kc7 47. Qxf7+ Kb6 48.
Qf8 1-0

[Event "Early-Titled-Tuesday-Blitz-March-12-2024"]
[Site "Chess.com"]
[Date "2024.03.12"]
[Round "3"]
[White "rezamahdavi2008"]
[Black "CarlosjPineror"]
[Result "0-1"]
[WhiteElo "2870"]
[BlackElo "2629"]
[TimeControl "180+1"]
[EndTime "8:28:34 PDT"]
[Termination "CarlosjPineror won by resignation"]

1. e4 c5 2. Nf3 e6 3. d4 cxd4 4.
Nxd4 a6 5. Qf3 Qc7 6. Nc3 Nf6 7. Be3 Bb4 8. Bd2 Nc6 9. Nb3 b5 10. Qg3 Qxg3 11. hxg3 O-O 12. f3 Bb7 13. O-O-O Rac8 14. Kb1 Rfd8 15. a3 Be7 16. g4 d6 17. g5 Nd7 18. f4 Nc5 19. Nxc5 dxc5 20. e5 Nd4 21. Bd3 Bxg2 22. Bxh7+ Kf8 23. Rh2 Bf3 24. Rf1 g6 25.
Be3 Bb7 26. Bxg6 fxg6 27. Rh7 Nf5 28. Bf2 Kg8 29. Rh2 Kg7 30. Bg1 Rh8 31. Rd2 Rcd8 32. Rdf2 Rh1 33. b3 c4 34. b4 Rd7 35. Kb2 Rh8 36.
Re1 Bd8 37. Rfe2 Rh3 38. Ne4 Bxe4 39. Rxe4 Rf3 40. Bc5 Rh3 41. R4e2 Kf7 42. a4 Be7 43. Bxe7 Kxe7 44. c3 Rdd3 45. Rc2 Ne3 46. Rce2 Nd5 47. axb5 axb5 48. Ra1 Rxc3 49. Ra7+ Kd8 50. f5 gxf5 51. Rg2 Rcg3 52. Rxg3 Rxg3 53. Rb7 f4 54. Rf7 f3 55. Kc2 Rg2+ 56. Kc1 f2 0-1

[Event "Early-Titled-Tuesday-Blitz-March-12-2024"]
[Site "Chess.com"]
[Date "2024.03.12"]
[Round "3"]
[White "Defend1r"]
[Black "Sychev_on_YouTube"]
[Result "1-0"]
[WhiteElo "2744"]
[BlackElo "2915"]
[TimeControl "180+1"]
[EndTime "8:28:35 PDT"]
[Termination "Defend1r won on time"]

1. e4 e5 2. Nf3 Nc6 3. Bc4 Nf6 4. d4 exd4 5. e5 Ne4 6. Qe2 Nc5 7. O-O Be7 8. Rd1 d5 9. exd6 Qxd6 10. b4 Ne6 11. b5 Na5 12. Ba3 Qd8 13. Bxe6 Bxe6 14. Nxd4 Bd6 15.
Nxe6 fxe6 16. Bxd6 cxd6 17. Qxe6+ Qe7 18. Qd5 Rc8 19.
Na3 Rc5 20. Qd2 b6 21. Re1 Re5 22. Rxe5 dxe5 23. Qd5 Rf8 24. Rd1 Rf6 25. Nc4 Nxc4 26. Qxc4 Rf4 27. Qg8+ Rf8 28. Qd5 Rf6 29. h3 g6 30. a4 Kf8 31. Qa8+ Kg7 32. Qc8 Rf7 33. Qb8 Qf6 34. Rd2 e4 35. Re2 Re7 36. g3 Qf3 37. Re3 Qd1+ 38. Kg2 Qxc2 39. Qd6 Qc5 40. Qxc5 bxc5 41.
f3 exf3+ 42. Kxf3 Rd7 43. Re6 Rd3+ 44. Kf2 Rd2+ 45. Ke3 Rg2 46. Kf3 Ra2 47. Ra6 Kh6 48.
Rxa7 c4 49. b6 c3 50. Ke3 1-0

[Event "Early-Titled-Tuesday-Blitz-March-12-2024"]
[Site "Chess.com"]
[Date "2024.03.12"]
[Round "3"]
[White "tarno17"]
[Black "LileKoridze"]
[Result "1-0"]
[WhiteElo "2204"]
[BlackElo "2428"]
[TimeControl "180+1"]
[EndTime "8:28:35 PDT"]
[Termination "tarno17 won by resignation"]

1. e4 c5 2. Nf3 d6 3. Bb5+ Nd7 4.
O-O a6 5. Bxd7+ Bxd7 6. Re1 g6 7.
c3 Bg7 8. d4 cxd4 9. Nxd4 Nf6 10. Nd2 O-O 11. Nf1 Qc7 12. Ng3 Rfd8 13. Bg5 b5 14. Qd2 Rac8 15. Bh6 Bh8 16. Ngf5 Be8 17. Qg5 e6 18. Ng3 Qc5 19. Qh4 Bg7 20. Bg5 Qe5 21. Nf3 Qc5 22. Bxf6 Rd7 23. Bxg7 Kxg7 24. Qg5 Qxg5 25.
Nxg5 d5 26. exd5 Rxd5 27. N5e4 Rcd8 28. f3 Bc6 29. Ne2 h6 30. Nd4 Bb7 31. Ng3 e5 32. Nb3 f6 33. Kf2 h5 34. Ke2 Bc6 35. Rad1 b4 36.
Rxd5 Bxd5 37. Rd1 Bc4+ 38. Ke1 Re8 39. cxb4 Re7 40. Ne4 f5 41. Nd6 Bg8 42. Nc8 Rc7 43. Nb6 Rc2 44. Rd7+ Kh6 45. Rd2 Rc6 46. Na4 Bc4 47.
Nac5 Rc7 48. a3 Re7 49. Na5 Bf7 50. Nc6 Re8 51. Nd8 Bg8 52. Rd7 e4 53. fxe4 fxe4 54. Ke2 e3 55. Nf7+ Kg7 56. Nd6+ 1-0

[Event "Early-Titled-Tuesday-Blitz-March-12-2024"]
[Site "Chess.com"]
[Date "2024.03.12"]
[Round "3"]
[White "Yeritsyaan"]
[Black "Bkmzzzzz"]
[Result "0-1"]
[WhiteElo "2642"]
[BlackElo "2417"]
[TimeControl "180+1"]
[EndTime "8:28:36 PDT"]
[Termination "Bkmzzzzz won by resignation"]

1. c4 e5 2. g3 d6 3. Bg2 f5 4. Nc3 Nf6 5. e3 g6 6. Nge2 Bg7 7. O-O O-O 8. d4 c6 9. b4 a6 10. Bb2 Be6 11. c5 e4 12. cxd6 Qxd6 13. a4 Nbd7 14. Ba3 b5 15. Rc1 Nb6 16. Bb2 Qxb4 17. Qd2 Nc4 18. Nxe4 Qxd2 19. Nxd2 Nxd2 20. Rxc6 Bd5 21. Rxf6 Bxg2 22. Rxf8+ Kxf8 23. Rd1 Nc4 24. axb5 axb5 25. Kxg2 Nxb2 26. Rb1 Nc4 27. Rxb5 Ra2 28. Nc3 Rc2 29. Nd5 Bh6 30. Rb3 Kf7 31. h4 Ke6 32. Nf4+ Bxf4 33. gxf4 Kd5 34. Kg3 Nd6 35. f3 h5 36. Ra3 Re2 37.
Ra5+ Ke6 38. Re5+ Kd7 39. d5 Nc4 40. e4 Nxe5 41. fxe5 fxe4 42. f4 Rd2 43. d6 Ke6 44.
Kh3 Rd3+ 45. Kg2 Kf5 46. Kf2 Kxf4 47. Ke2 Rd5 48. e6 Rxd6 49. e7 Re6 0-1

[Event "Early-Titled-Tuesday-Blitz-March-12-2024"]
[Site "Chess.com"]
[Date "2024.03.12"]
[Round "3"]
[White "Chessmissile07"]
[Black "crazyluzhinTh3"]
[Result "1-0"]
[WhiteElo "2955"]
[BlackElo "2551"]
[TimeControl "180+1"]
[EndTime "8:28:37 PDT"]
[Termination "Chessmissile07 won by resignation"]

1. a3 d5 2. d4 Bf5 3. Nf3 Nf6 4. e3 e6 5. Bd3 Be7 6. O-O O-O 7. c4 c6 8. Nc3 Bxd3 9. Qxd3 dxc4 10. Qxc4 Nbd7 11. e4 Rc8 12. Be3 b5 13. Qe2 a6 14. Rfd1 Qc7 15.
Rac1 Qb7 16. Bg5 h6 17. Bh4 Rfe8 18. e5 Nd5 19. Bxe7 Nxc3 20. Rxc3 Rxe7 21. Nd2 c5 22. Ne4 Qb6 23. dxc5 Qb8 24. b4 Qxe5 25. Rcd3 Nf6 26.
Nxf6+ Qxf6 27. Qe4 g6 28. g3 Rec7 29. Kg2 Kg7 30.
Rf3 Qe7 31. Qe5+ f6 32. Qd4 e5 33. Qd5 Rc6 34. Rfd3 R8c7 35. Re3 Qf7 36. f4 Qxd5+ 37. Rxd5 exf4 38. gxf4 Kf7 39. Kf3 Ra7 40. Rd8 a5 41. Ree8 axb4 42. axb4 Ra3+ 43. Ke4 Rb3 44. Kd5 Rc7 45.
Kd6 Ra7 46. Rf8+ Kg7 47. Rg8+ Kh7 48. Rh8+ Kg7 49. Rdg8+ Kf7 50. Rh7+ Kxg8 51. Rxa7 Rxb4 52. c6 Rd4+ 53. Kc5 Rc4+ 54. Kxb5 Rxf4 55. c7 1-0

[Event "Early-Titled-Tuesday-Blitz-March-12-2024"]
[Site "Chess.com"]
[Date "2024.03.12"]
[Round "3"]
[White "Lady_Nika"]
[Black "klimkoj"]
[Result "1-0"]
[WhiteElo "2547"]
[BlackElo "2830"]
[TimeControl "180+1"]
[EndTime "8:28:37 PDT"]
[Termination "Lady_Nika won on time"]

1. e4 c6 2. d4 d5 3. Nc3 dxe4 4.
Nxe4 Nf6 5. Nxf6+ exf6 6. c3 Bd6 7. Bd3 Nd7 8. Qc2 h5 9. Ne2 Qc7 10. Bd2 h4 11. O-O-O b5 12. c4 bxc4 13. Bxc4 Nb6 14.
Ba5 Qb7 15. Bb3 Kf8 16. g3 Rh5 17. Bxb6 axb6 18. Nf4 Rf5 19. Qe4 Bd7 20. Rhe1 Qc7 21. Nd3 Rh5 22. g4 f5 23. Qf3 Rg5 24. h3 f6 25.
gxf5 Bxf5 26. Rg1 Rxg1 27. Rxg1 Bh7 28. Qh5 Bf4+ 29. Kc2 Bh6 30. Qxh4 c5 31. dxc5 bxc5 32. Qc4 Rd8 33. Rd1 Rd4 34. Qa6 c4 35. Qa8+ Rd8 36.
Qa3+ Kg8 37. Kb1 Bxd3+ 38. Ka1 1-0

[Event "Early-Titled-Tuesday-Blitz-March-12-2024"]
[Site "Chess.com"]
[Date "2024.03.12"]
[Round "3"]
[White "Goryachkina"]
[Black "MaxLeto"]
[Result "0-1"]
[WhiteElo "2677"]
[BlackElo "2486"]
[TimeControl "180+1"]
[EndTime "8:28:37 PDT"]
[Termination "MaxLeto won on time"]

1. Nf3 h5 2. e4 h4 3. h3 c5 4.
c3 Nf6 5. e5 Nd5 6. d4 e6 7. Bc4 Nb6 8. Bb3 Nc6 9. O-O d6 10.
Nbd2 dxe5 11. dxe5 Qc7 12. Ne4 Nxe5 13. Bf4 Nxf3+ 14.
Qxf3 Qc6 15. Rfe1 Bd7 16. a4 c4 17. Bc2 Be7 18. Be5 f6 19. Bh2 Nd5 20. Rad1 O-O-O 21. a5 a6 22. Nd2 g5 23. Re4 b5 24. axb6 Nxb6 25. Qe2 f5 26. Re5 Bd6 27. Nf3 Kb7 28. Nd4 Qc7 29. f4 Bxe5 30. fxe5 Rhe8 31. Kh1 Bc6 32.
Bg1 Bd5 33. Ra1 g4 34. hxg4 fxg4 35. Be4 h3 36. g3 Qxe5 37. Bxd5+ exd5 38. Qxe5 Rxe5 39.
b3 Re4 40. b4 Rf8 41. Nc2 Rd8 0-1

[Event "Early-Titled-Tuesday-Blitz-March-12-2024"]
[Site "Chess.com"]
[Date "2024.03.12"]
[Round "3"]
[White "falzehope0"]
[Black "Skatchkov_V"]
[Result "0-1"]
[WhiteElo "2423"]
[BlackElo "2678"]
[TimeControl "180+1"]
[EndTime "8:28:37 PDT"]
[Termination "Skatchkov_V won by checkmate"]

1. d4 d5 2. e3 c5 3. c3 Nc6 4.
f4 g6 5. Bd3 Bg7 6. Nf3 Nh6 7.
O-O Bf5 8. Be2 O-O 9. Nbd2 Ng4 10. Nb1 Qa5 11. Ne1 Nf6 12. Nd3 Ne4 13. dxc5 Rad8 14. b4 Qc7 15. Bb2 b6 16. cxb6 Qxb6 17. Qc1 e5 18. g4 Bc8 19. f5 d4 20. cxd4 exd4 21. Bf3 dxe3 22. Bxe4 e2+ 23. Rf2 Bxb2 24. Qxb2 Rxd3 25. Qxe2 Re3 26. Qc2 Nd4 27. Qc5 Rxe4 28.
Qxb6 Re1+ 29. Rf1 Rxf1+ 30. Kxf1 axb6 31. Nc3 Ba6+ 32. Kf2 Rc8 33. Nd5 Rc2+ 34. Kg3 gxf5 35. a4 Bb7 36. Nxb6 Rg2+ 37. Kf4 Rxg4+ 38. Ke5 Nc2 39.
Rd1 Nxb4 40. Kf6 Rg6+ 41. Kxf5 Rxb6 42. h4 Kg7 43. h5 h6 44. a5 Ra6 45. Rb1 Rxa5+ 46. Kf4 Rc5 47. Rxb4 Bd5 48. Rb8 Be6 49. Rb2 Rxh5 50. Kg3 Rg5+ 51. Kh4 Kg6 52. Rb8 Rg4+ 53. Kh3 Rb4+ 54. Kh2 Rxb8 55. Kg3 Rb3+ 56.
Kh4 Rh3# 0-1

[Event "Early-Titled-Tuesday-Blitz-March-12-2024"]
[Site "Chess.com"]
[Date "2024.03.12"]
[Round "3"]
[White "zajka-molotok"]
[Black "Meri-Arabidze"]
[Result "1/2-1/2"]
[WhiteElo "2512"]
[BlackElo "2716"]
[TimeControl "180+1"]
[EndTime "8:28:38 PDT"]
[Termination "Game drawn by repetition"]

1. e4 e5 2. Nf3 Nc6 3. Nc3 Nf6 4. Bb5 Bb4 5. O-O O-O 6. Bxc6 dxc6 7. d3 Nd7 8. Ne2 Re8 9. Ng3 Bf8 10. Be3 c5 11.
Nd2 b6 12. f4 exf4 13. Bxf4 Ne5 14. Kh1 Ng6 15. Be3 Bd6 16. Nf5 Bxf5 17. Rxf5 Be5 18.
Rb1 Bd4 19. Bxd4 cxd4 20. Qh5 c5 21. Rbf1 f6 22. Nc4 Qe7 23. a4 Qe6 24. R5f3 Ne5 25.
Nxe5 Qxe5 26. Rf5 Qe6 27. Rd5 Rad8 28. Rxd8 Rxd8 29. b3 Re8 30. h3 Qe5 31. Qg4 Qe6 32. Rf5 g6 33. Rd5 Qxg4 34. hxg4 Kf7 35. a5 Ke6 36. Kh2 Rc8 37. axb6 axb6 38. Kg3 h6 39. Kf3 Ra8 40. b4 Rc8 41. bxc5 bxc5 42. Ke2 Rc6 43. Kd2 Rc7 44. Kc1 c4 45. Rxd4 cxd3 46. Rxd3 Ke5 47.
Rh3 Rh7 48. Rf3 Rf7 49. Rh3 Rh7 50. Rf3 Rf7 51. Rh3 Rh7 1/2-1/2

[Event "Early-Titled-Tuesday-Blitz-March-12-2024"]
[Site "Chess.com"]
[Date "2024.03.12"]
[Round "3"]
[White "zenitushka"]
[Black "HajiyevKanan"]
[Result "1-0"]
[WhiteElo "2284"]
[BlackElo "2569"]
[TimeControl "180+1"]
[EndTime "8:28:41 PDT"]
[Termination "zenitushka won by resignation"]

1. d4 d5 2. e4 c6 3. Nc3 a6 4. Nf3 Bg4 5. Bd3 e6 6. O-O Nf6 7. Re1 Bb4 8. e5 Nfd7 9. Bd2 Be7 10.
h3 Bh5 11. a4 c5 12. a5 cxd4 13. Na4 Nc6 14. c3 Qxa5 15. cxd4 Qc7 16. Rc1 O-O 17. Qc2 Bg6 18. Bxg6 hxg6 19. Qd3 Nb6 20. Nc5 Bxc5 21.
Rxc5 Nc4 22. Bc1 b6 23. Rxc4 dxc4 24. Qxc4 Rfc8 25. Qd3 Nb4 26. Qe4 Nc2 27. Rd1 Qc4 28. Ng5 b5 29. Qf4 Ra7 30. Qh4 Kf8 31. Qh8+ Ke7 32. Qxg7 Rf8 33. Nh7 Re8 34. Qf6+ Kd7 35. d5 Re7 36. dxe6+ Kc7 37. exf7 Kb7 38. Qd6 Rc7 39.
f8=Q Nb4 40. Qxb4 Qc6 41. Qfd6 Qe8 42. Qe4+ Kb8 43. Nf6 Qc8 44. Qd8 Rab7 45. Qxc8+ Rxc8 46. Be3 Re8 47. e6 Rc8 48. Bf4+ Ka7 49. e7 Rxe7 50. Qxe7+ Kb6 51. Qe6+ Ka5 52. Qxc8 Ka4 53. Qc5 1-0

[Event "Early-Titled-Tuesday-Blitz-March-12-2024"]
[Site "Chess.com"]
[Date "2024.03.12"]
[Round "3"]
[White "GalaxyRoman"]
[Black "yosephtaher"]
[Result "0-1"]
[WhiteElo "2718"]
[BlackElo "2922"]
[TimeControl "180+1"]
[EndTime "8:28:42 PDT"]
[Termination "yosephtaher won on time"]

1. e4 c5 2. Nc3 g6 3. f4 Bg7 4. Nf3 Nc6 5. Bb5 Nd4 6. O-O e6 7. e5 a6 8. Bd3 Nxf3+ 9. Qxf3 d5 10. exd6 Qxd6 11. Ne4 Qc7 12. c3 Rb8 13. Bc2 Ne7 14. d3 O-O 15. Be3 b6 16. Qf2 Bb7 17. Rad1 Nd5 18.
Bc1 Rbd8 19. Rfe1 a5 20. Ng5 Ne7 21. Nf3 b5 22. Be3 Rc8 23. d4 cxd4 24. Bxd4 Qxf4 25. Bxg7 Kxg7 26. Rd7 Rc7 27. g3 Qc4 28. Bd3 Rxd7 29. Bxc4 bxc4 30. Ne5 Rd5 31. Nxc4 Rfd8 32. Ne5 Nf5 33.
Nc4 Ba6 34. Ne3 Rd2 35. Nxf5+ gxf5 36. Qe3 h6 37. Qe5+ Kg6 38. g4 fxg4 39. Qe4+ Kg7 40. Qxg4+ Kh8 41. Qf4 Kg7 42. h3 Bb7 43. Qe5+ Kh7 44.
Re2 Rd1+ 45. Kf2 Rg8 46. Ke3 Bd5 47. Qc7 Rg7 48. Rf2 f5 49. Kf4 Rxc7 0-1

[Event "Early-Titled-Tuesday-Blitz-March-12-2024"]
[Site "Chess.com"]
[Date "2024.03.12"]
[Round "3"]
[White "KuzubovYuriy"]
[Black "Ginzburg_Yakov"]
[Result "1-0"]
[WhiteElo "2902"]
[BlackElo "2547"]
[TimeControl "180+1"]
[EndTime "8:28:42 PDT"]
[Termination "KuzubovYuriy won by resignation"]

1. d4 d5 2. c4 c6 3. Nf3 Nf6 4. Nc3 dxc4 5. a4 Bf5 6. Nh4 Bc8 7. e3 c5 8. Bxc4 cxd4 9. exd4 e6 10. O-O Nc6 11. Nf3 Be7 12. Qe2 O-O 13. Rd1 Nb4 14. Bg5 Bd7 15. Ne5 Rc8 16. Rac1 h6 17.
Bh4 Nfd5 18. Nxd5 exd5 19. Nxd7 Bxh4 20. Bb5 Rxc1 21. Rxc1 Qg5 22. Re1 Rd8 23. Qe8+ Kh7 24. Qxf7 Qd2 25. Rf1 Nd3 26. Nf8+ Rxf8 27. Bxd3+ Qxd3 28.
Qxf8 Bf6 29. Qb4 b6 30. Qc3 Qxd4 31. Qxd4 Bxd4 32. Rd1 Bxb2 33. Rxd5 a5 34. Rd6 Be5 35. Rxb6 Kg8 36. Rb5 Bc3 37. f4 Kf7 38. g4 g6 39. Kg2 Ke6 40. Kf3 Bd2 41. h4 Kf6 42. h5 gxh5 43. Rxh5 Kg6 44. Ke4 Bc3 45. Rb5 Bd2 46.
Rb6+ Kg7 47. Ra6 Kh7 48. Kf5 Bc3 49. Ra7+ Kg8 50. Kg6 Kf8 51. Kxh6 Bd2 52. Kg5 Be3 53. Rb7 Bd2 54. Kf5 1-0

[Event "Early-Titled-Tuesday-Blitz-March-12-2024"]
[Site "Chess.com"]
[Date "2024.03.12"]
[Round "3"]
[White "Pikku_Myy73"]
[Black "Baronessa08"]
[Result "0-1"]
[WhiteElo "2279"]
[BlackElo "2548"]
[TimeControl "180+1"]
[EndTime "8:28:44 PDT"]
[Termination "Baronessa08 won on time"]

1. d4 d5 2. c4 dxc4 3. e4 Nf6 4. e5 Nd5 5. Bxc4 Nb6 6. Bd3 Nc6 7. Ne2 Bg4 8. f3 Bh5 9. Be3 e6 10. O-O Bg6 11.
Nbc3 Bxd3 12. Qxd3 Nb4 13. Qd1 Be7 14. f4 N4d5 15. Bf2 O-O 16. Rc1 Nc4 17. Nxd5 Qxd5 18. b3 Nb6 19. Rxc7 Rfe8 20. Qd2 Rac8 21. Rfc1 Rxc7 22.
Rxc7 Rc8 23. Rxc8+ Nxc8 24. Qc2 Nb6 25. h3 h6 26. Qc7 Bb4 27. Qb8+ Kh7 28. Qxa7 Nd7 29.
Qa4 Bd2 30. Qc4 Qe4 31. Qb5 Nb8 32. Ng3 Qb1+ 33. Kh2 Nc6 34. Qxb7 Nb4 35. Qe4+ Qxe4 36. Nxe4 Bxf4+ 37. g3 Bc1 38. a4 Kg6 39. a5 f5 40. exf6 gxf6 41. Be1 Na6 42. b4 Be3 43. b5 Nc7 44. Bc3 f5 45. b6 Na6 0-1

[Event "Early-Titled-Tuesday-Blitz-March-12-2024"]
[Site "Chess.com"]
[Date "2024.03.12"]
[Round "3"]
[White "Mops_2004"]
[Black "Boorchess"]
[Result "1-0"]
[WhiteElo "2837"]
[BlackElo "2525"]
[TimeControl "180+1"]
[EndTime "8:28:45 PDT"]
[Termination "Mops_2004 won by resignation"]

1. g3 d5 2. Nf3 Bg4 3. Bg2 e6 4. h3 Bxf3 5. Bxf3 Nd7 6. O-O Bd6 7. d4 f5 8. c4 c6 9. Bh5+ g6 10. Bf3 Ngf6 11. Bh6 Qe7 12. Qb3 O-O-O 13. Qa4 Kb8 14. c5 Bc7 15. b4 a6 16. Bg5 h6 17.
Bxf6 Qxf6 18. e3 e5 19. Nc3 e4 20. Be2 f4 21. exf4 Qxd4 22. Rac1 g5 23. Bxa6 Nxc5 24. bxc5 Qxa4 25. Nxa4 bxa6 26. f5 h5 27. Kg2 g4 28.
Nc3 Be5 29. Ne2 Ka7 30. Nf4 Bxf4 31. gxf4 gxh3+ 32. Kxh3 Rhf8 33. Rg1 Rd7 34. Rg6 Rxf5 35. Kg3 d4 36. Rxc6 Rg7+ 37. Kh3 Rxf4 38. Rd6 Rf3+ 39. Kh4 Rxf2 40. Kh3 d3 41. c6 Rf3+ 42. Kh4 Rf2 43.
Kh3 Rc7 44. Rd7 Rf7 45. Rxf7 Rxf7 46. c7 Rxc7 47. Rxc7+ Kb6 48. Rd7 Kc5 49. Kg3 h4+ 50. Kf4 Kc4 51. Kxe4 h3 52. Rxd3 h2 53. Rh3 Kb4 54.
Rxh2 Ka3 55. Kd4 a5 56. Kc4 a4 57. Kd5 Kb4 58. Re2 Ka3 59. Kc6 Kb4 60. Kb6 Ka3 61. Kc6 Kb4 62. Rg2 Ka3 63. Kd5 Kb4 64. Re2 Ka3 65.
Ke4 Kb4 66. Kf3 Ka3 67. Kf2 Kb4 68. Ke1 Ka3 69. Kd1 Kb4 70. Kc1 Ka3 71. Kb1 Kb4 72.
Kb2 Kc4 73. Re4+ Kb5 74. Ka3 1-0

[Event "Early-Titled-Tuesday-Blitz-March-12-2024"]
[Site "Chess.com"]
[Date "2024.03.12"]
[Round "3"]
[White "ilqar_74"]
[Black "David_ATM"]
[Result "1-0"]
[WhiteElo "2857"]
[BlackElo "2381"]
[TimeControl "180+1"]
[EndTime "8:28:46 PDT"]
[Termination "ilqar_74 won by checkmate"]

1. e4 e5 2. Nf3 Nc6 3. Bb5 a6 4. Ba4 Nf6 5. O-O Be7 6. d4 exd4 7. e5 Nd5 8. Nxd4 Nb6 9. Nf5 Bf8 10. Re1 Nxa4 11.
Nd6+ Bxd6 12. exd6+ Kf8 13. Qg4 Nc5 14. Bf4 Ne6 15.
dxc7 Qf6 16. Bd6+ Kg8 17. Nc3 h5 18. Qc4 b5 19. Qf1 h4 20. Nd5 Qxb2 21. Nb6 Qd4 22. Nxa8 Qxd6 23. Rad1 Qf4 24. g3 hxg3 25. fxg3 Qxf1+ 26.
Rxf1 Ne7 27. Rd6 Rh5 28. Re1 Rc5 29. Rb6 Kf8 30. Rb8 Nxc7 31. Nb6 Ne8 32. Rxc8 Rxc8 33. Nxd7+ Kg8 34. Rxe7 Nd6 35. Re2 Nf5 36. Nb6 Nd4 37.
Re4 Rd8 38. c3 Nf3+ 39. Kg2 Nd2 40. Re7 Nb1 41. Rc7 Rd2+ 42. Kh3 Rxa2 43. Nd7 Rc2 44. Ne5 Rxc3 45. Ra7 Rc5 46. Nxf7 Rc6 47. Ne5 Rh6+ 48. Kg4 Nc3 49. h4 Nd5 50. Kf5 Ne3+ 51. Kf4 Ng2+ 52.
Kg5 Kh7 53. h5 b4 54. Ng6 Ne3 55. Ra8 Rxh5+ 56. Kxh5 Nf5 57. Rh8# 1-0